 Dungeon Crawl Stone Soup version 0.30.0-29-ga12c61a403 (webtiles) character file.

Game seed: 10946357893303910584

223 qw the Chopper (level 6, -1/38 HPs)
             Began as a Gargoyle Fighter on June 3, 2023.
             Slain by an ogre
             ... wielding a +0 giant club
              (21 damage)
             ... on level 4 of the Dungeon.
             The game lasted 00:01:19 (2699 turns).

qw the Chopper (Gargoyle Fighter)                   Turns: 2699, Time: 00:01:20

Health: -1/38      AC: 12    Str: 21    XL:     6   Next: 0%
Magic:  6/6        EV:  9    Int:  9    God:
Gold:   238        SH:  4    Dex:  9    Spells: 5/5 levels left

rFire   . . .        Y - +0 war axe
rCold   . . .        c - +0 buckler
rNeg    + . .        b - +0 scale mail
rPois   inf          (no helmet)
rElec   +            (no cloak)
rCorr   +            (no gloves)
SInv    .            l - +0 pair of boots
Will    .....        (no amulet) Stlth
                     e - ring of resist corrosion
HPRegen 0.26/turn    (no ring)
MPRegen 0.10/turn

%: clarity
@: no status effects
A: sickness immunity, AC +4, negative energy resistance 1, electricity
resistance, torment resistance 1, petrification resistance, clarity, sense
surroundings 1
a: no special abilities


You were on level 4 of the Dungeon.
You visited 1 branch of the dungeon, and saw 4 of its levels.

You collected 238 gold pieces.


Innate Abilities, Weirdness & Mutations

You are immune to sickness and miasma.
Your stone body is resilient. (AC +4)
You are immune to poison.
You resist negative energy. (rN+)
You are resistant to electric shocks. (rElec)
You are resistant to unholy torment.
You are immune to petrification.
You possess an exceptional clarity of mind.
You passively map a small area around you.


   Skills:
 - Level 4.0 Fighting
 - Level 5.0 Axes
 - Level 3.2 Armour
 + Level 0.4 Dodging
 - Level 3.2 Shields


You had 5 spell levels left.
You didn't know any spells.
Your spell library was empty.

Inventory:

Hand Weapons
 k - a +1 hand axe of flaming
 Y - a +0 war axe (weapon)
Armour
 b - a +0 scale mail (worn)
 c - a +0 buckler (worn)
 l - a +0 pair of boots (worn)
Jewellery
 e - a ring of resist corrosion (left hand)
Scrolls
 f - a scroll of fog {unknown}
 j - a scroll of identify
Potions
 a - a potion of curing
 d - a potion of might
 g - 3 potions of heal wounds
 h - a potion of attraction
 i - a potion of haste {unknown}
 m - a potion of cancellation {unknown}
 n - a potion of lignification {unknown}

Dungeon Overview and Level Annotations

Branches:
Dungeon (4/15)
 Temple: D:4-7

Altars:
Gozag
Vehumet


Message History

You kill the adder!
You start resting.
HP restored.
Things that are here:
an adder corpse; a dart slug corpse
There is a stone staircase leading down here.
Found 5 stones.
Enter note: A hobgoblin comes into view.
Found a glowing flail.
The hobgoblin shouts!
You barely miss the hobgoblin. You block the hobgoblin's attack.
The hobgoblin hits you but does no damage.
You hit the hobgoblin.
The hobgoblin is almost dead.
The hobgoblin hits you but does no damage.
You slash the hobgoblin!
You kill the hobgoblin!
You have reached level 6!
You see here a +2 flail of protection.
Found a mace.
You now have 238 gold pieces (gained 19).
f - a scroll labelled RIDOKHL VINAKH You see here a +0 mace.
Found a stone staircase leading up.
Enter note: An ogre comes into view. It is wielding a +0 giant club.
You hit the ogre.
The ogre is lightly wounded.
The ogre hits you with a +0 giant club!!
Ouch! That really hurt!
You hit the ogre.
The ogre is lightly wounded.
The ogre hits you but does no damage.
You barely miss the ogre.
The ogre is lightly wounded.
The ogre hits you with a +0 giant club!!
Ouch! That really hurt!
You die...

* ### , * , ..# , ..##
#.....# , , ,..#
##.....### , * **#.#
#......... *
..#####.#######.......#.
......O@................
##.####...#..#(.......#*
,* #.#..#........#.##
*,* #.##.........)...# *
#.######....#..... * *
#.# #....###... * #.#
#....##...# * ..#
#.......#.. .#*
#....#.####


You could see an ogre.

Vanquished Creatures
  A hound (D:4)
  Terence (D:2)
  An iguana (D:3)
  7 adders
  3 worms
  3 dart slugs
  6 orcs
  3 endoplasms
  3 giant cockroaches
  7 goblins
  4 hobgoblins
  4 jackals (D:1)
  A kobold (D:1)
  3 quokkas
  4 ball pythons
  2 bats
  5 frilled lizards
  7 rats
65 creatures vanquished.

Notes
Turn   | Place    | Note
-------+----------+-------------------------------------------
     0 | D:1      | qw the Gargoyle Fighter began the quest for the Orb.
     0 | D:1      | Reached XP level 1. HP: 14/14 MP: 1/1
     0 | D:1      | 0 ||| qw: Version: 0.2-a-103-g3a7daa1
     0 | D:1      | 0 ||| qw: Game counter: 964
     0 | D:1      | 0 ||| qw: Always use a shield: true
     0 | D:1      | 0 ||| qw: God list: Okawaru
     0 | D:1      | 0 ||| qw: Allow faded altars: false
     0 | D:1      | 0 ||| qw: Do Orc after D:15 true
     0 | D:1      | 0 ||| qw: Do second Lair branch before Depths: true
     0 | D:1      | 0 ||| qw: Lair rune preference: random
     0 | D:1      | 0 ||| qw: Plans: Normal, Zot:1-4, Slime:5, God:TSO, Crypt,
                  | Tomb, Pan, Hells, Abyss, Win
     0 | D:1      | 0 ||| PLANNING D:1-11
    75 | D:1      | Reached skill level 2 in Axes
    82 | D:1      | 82 ||| Stepping ~*~*~tactically~*~*~ (stealth).
   217 | D:1      | Reached XP level 2. HP: 19/19 MP: 2/2
   528 | D:1      | 528 ||| UPGRADING to +0 pair of boots.
   533 | D:1      | 533 ||| UPGRADING to ring of resist corrosion.
   534 | D:1      | 534 ||| READING scroll labelled JOUHUCHUONN.
   535 | D:1      | 535 ||| READING scroll labelled QEUTYTHRO UTTEI.
   536 | D:1      | 536 ||| READING scroll labelled XUNOMED HECKIOH.
   739 | D:2      | Reached skill level 3 in Axes
   769 | D:2      | 769 ||| Stepping ~*~*~tactically~*~*~ (stealth).
   788 | D:2      | Reached XP level 3. HP: 13/23 MP: 3/3
   865 | D:2      | 865 ||| Stepping ~*~*~tactically~*~*~ (stealth).
  1096 | D:2      | Noticed Terence
  1105 | D:2      | Killed Terence
  1106 | D:2      | Reached XP level 4. HP: 16/28 MP: 4/4
  1337 | D:2      | Reached skill level 4 in Axes
  1554 | D:2      | 1554 ||| READING scroll labelled TAS ONIHAQAT.
  1555 | D:2      | 1555 ||| READING scroll labelled KUAPRO ITEL.
  1560 | D:2      | 1560 ||| READING scroll labelled KEFFI NYORCHECI.
  1561 | D:2      | 1561 ||| DRINKING 2 red potions.
  1562 | D:2      | 1562 ||| READING 4 scrolls of identify.
  1562 | D:2      | 1562 ||| IDENTIFYING white potion
  1563 | D:2      | 1563 ||| READING 3 scrolls of identify.
  1563 | D:2      | 1563 ||| IDENTIFYING fuming cyan potion
  1564 | D:2      | 1564 ||| DROPPING potion of flight.
  1565 | D:2      | 1565 ||| DROPPING potion of magic.
  1599 | D:3      | 1599 ||| Stepping ~*~*~tactically~*~*~ (stealth).
  1606 | D:3      | 1606 ||| STAIRDANCE
  1709 | D:3      | Found an opulent altar of Gozag.
  1760 | D:3      | 1760 ||| Stepping ~*~*~tactically~*~*~ (hiding).
  1766 | D:3      | Found a radiant altar of Vehumet.
  2130 | D:3      | Reached XP level 5. HP: 30/32 MP: 5/5
  2328 | D:3      | 2328 ||| DRINKING 2 clear potions.
  2328 | D:3      | Gained mutation: You have sharp fingernails. [potion of
                  | mutation]
  2328 | D:3      | Gained mutation: You are weak. (Str -2) [potion of
                  | mutation]
  2328 | D:3      | Gained mutation: You are frail. (-10% HP) [potion of
                  | mutation]
  2329 | D:3      | 2329 ||| DRINKING potion of mutation.
  2329 | D:3      | Lost mutation: You are weak. (Str -2) [potion of mutation]
  2329 | D:3      | Lost mutation: You are frail. (-10% HP) [potion of
                  | mutation]
  2329 | D:3      | Lost mutation: You have sharp fingernails. [potion of
                  | mutation]
  2329 | D:3      | Gained mutation: You passively map a small area around you.
                  | [potion of mutation]
  2329 | D:3      | Gained mutation: You possess an exceptional clarity of
                  | mind. [potion of mutation]
  2345 | D:3      | 2345 ||| READING 2 scrolls of identify.
  2345 | D:3      | 2345 ||| IDENTIFYING viscous orange potion
  2379 | D:4      | 2379 ||| STAIRDANCE
  2418 | D:4      | 2418 ||| STAIRDANCE
  2425 | D:3      | Reached skill level 5 in Axes
  2530 | D:4      | 2530 ||| Stepping ~*~*~tactically~*~*~ (stealth).
  2593 | D:4      | Reached XP level 6. HP: 38/38 MP: 6/6
  2699 | D:4      | Slain by an ogre

Levels and vault maps discovered:
D:1:      eino_arrival_water_star, layout_rooms, minmay_misc_feat_square,
          dreamdust_princess_bridge, minivault_11, corexii_corridor_pit
D:2:      minmay_door_path, layout_loops_ring, uniq_terence
D:3:      layout_loops_ring, vehumet_altar_wand_db, overflow_temple_1_default
D:4:      layout_rooms, serial_shops, shop

Skill      XL: |  1  2  3  4  5 |
---------------+----------------+-----
Axes           | 2 3 4 5 |  5.0
Fighting       | 4 |  4.0
Armour         | |  3.2
Dodging        | |  0.4
Shields        | |  3.2

Action                     |  1- 3 |  4- 6 || total
---------------------------+-------+-------++-------
  Melee: War axe           |    87 |   119 ||   206
    Use: Scroll            |     3 |     6 ||     9
         Potion            |       |     3 ||     3
 Armour: Scale mail        |    38 |    59 ||    97
  Dodge: Dodged            |    35 |    44 ||    79
  Block: Buckler           |    11 |    12 ||    23

Table legend:
 A = Non-vault XP
 B = Vault XP
 C = Vault XP percentage of total XP
 D = Non-vault monster count
 E = Vault monster count
 F = Vault count percentage of total count
                 A         B        C        D         E       F
            +---------+---------+-------+---------+---------+-------
      Total |     279 |      40 |  12.5 |      62 |       3 |   4.6
            +---------+---------+-------+---------+---------+-------
        D:1 |      15 |       0 |   0.0 |       9 |       0 |   0.0
        D:2 |      61 |      38 |  38.4 |      20 |       2 |   9.1
        D:3 |     114 |       2 |   1.7 |      22 |       1 |   4.3
        D:4 |      89 |       0 |   0.0 |      11 |       0 |   0.0
            +---------+---------+-------+---------+---------+-------
